 Dungeon Crawl Stone Soup version 0.21-a0-213-gae198ad (webtiles) character file.

9 Lavandula the Chiller (level 2, 0/19 (20) HPs)
             Began as a Ghoul Ice Elementalist on Aug 22, 2017.
             Slain by an adder (5 damage)
             ... on level 3 of the Dungeon.
             The game lasted 00:03:09 (502 turns).

Lavandula the Chiller (Ghoul Ice Elementalist)       Turns: 502, Time: 00:03:09

HP:   0/19 (20)     AC:  2    Str: 11    XL:     2   Next: 12%
MP:   4/4           EV: 12    Int: 10    God:
Gold: 47            SH:  0    Dex:  9    Spells: 4/5 levels left

rFire    . . .     SeeInvis .   (no weapon)
rCold    + . .     Gourm    .   (no shield)
rNeg     + + +     Faith    .   a - +0 robe
rPois    ∞         Spirit   .   (no helmet)
rElec    .         Reflect  .   (no cloak)
rCorr    .         Harm     .   (no gloves)
MR       .....                  (no boots)
Stlth    ++........             (no amulet)
HPRegen  0.00/turn              (no ring)
MPRegen  0.09/turn              (no ring)

@: rotting
A: rotting body, claws 1, carnivore 3, cold resistance 1, negative energy
resistance 3, inhibited regeneration, torment resistance, unbreathing
a: no special abilities


You were on level 3 of the Dungeon.
You were not hungry.

You visited 1 branch of the dungeon, and saw 4 of its levels.

You collected 47 gold pieces.

Inventory:

Armour
 a - a +0 robe (worn)
Scrolls
 g - a scroll of amnesia {unknown}
 j - a scroll of immolation {unknown}
 k - a scroll of magic mapping {unknown}
Potions
 d - a potion of brilliance {unknown}
 e - a potion of might {unknown}
 f - a potion of magic {unknown}
 h - a potion of lignification {unknown}
Books
 b - a book of Frost

   Spells                             Type                      Level
   a - Freeze                         Ice                          1
   b - Throw Frost                    Conjuration/Ice              2
   c - Ozocubu's Armour               Charms/Ice                   3
   d - Throw Icicle                   Conjuration/Ice              4
   e - Summon Ice Beast               Ice/Summoning                4
Comestibles
 c - a meat ration
 i - 4 chunks of flesh


   Skills:
 - Level 1.7 Dodging
 - Level 2.1 Stealth
 - Level 2.2 Spellcasting
   Level 0.7 Conjurations
 + Level 3.5 Ice Magic


You had 4 spell levels left.
You knew the following spells:

 Your Spells              Type           Power        Failure   Level  Hunger
a - Freeze                Ice            #...         7%          1    ##.....


Dungeon Overview and Level Annotations

Branches:
Dungeon (4/15)
 Temple: D:4-7

Altars:

Annotations:
D:3 exclusion: phantom, Natasha


Innate Abilities, Weirdness & Mutations

Your body is rotting away.
You thrive on raw meat.
You are immune to poison.
You have sharp fingernails.
You are carnivorous and can eat meat at any time.
Your flesh is cold resistant. (rC+)
You are immune to negative energy. (rN+++)
You do not regenerate when monsters are visible.
You are immune to unholy pain and torment.
You can survive without breathing.


Message History

Natasha casts a spell.
The shadow imp disappears in a puff of smoke!
The white imp gestures at you. The puff of frost misses you.
The white imp gestures at you. The puff of frost misses you.
An adder comes into view.
You see here 18 bolts.
An adder is nearby!
The adder hisses angrily.
The adder bites you. x2
The adder closely misses you. The adder bites you but does no damage.
Natasha mumbles some strange words.
You feel disoriented. The adder bites you.
* * * LOW HITPOINT WARNING * * *
There is a stone staircase leading up here.
Natasha mumbles some strange words.
The adder bites you.
You die...

.##.#.#######.#..#
#.#
.##..............#
#.#
....#.#######....#
#.# ..#.#.#
####....# #.#
..#.#.# .....5.h#
#.# ..#.#.#
#.####...# #.#
..#.... #...# #.#
..###.# #..S# #.##
....... #..@# #..#
....... .......##
#..# ##.##.#
#####.. ##.#
#.##.# #.# #.#
..#.# #. #.. #.#.#
#. ### #...# #.#
#.#### ####.%# #.#
#..... .....># #.#
#####.


You could see Natasha, a crimson imp and an adder.

Vanquished Creatures
  A leopard gecko (D:2)
  A giant cockroach (D:3)
  A hobgoblin (D:3)
  3 kobolds
  A frilled lizard (D:2)
  A leopard gecko skeleton (D:4)
8 creatures vanquished.

Notes
Turn   | Place    | Note
-------+----------+-------------------------------------------
     0 | D:1      | Lavandula the Ghoul Ice Elementalist began the quest for the Orb.
     0 | D:1      | Reached XP level 1. HP: 14/14 MP: 2/2
   195 | D:4      | Noticed an ogre
   311 | D:3      | Noticed a phantom
   376 | D:3      | Reached XP level 2. HP: 19/19 MP: 0/4
   452 | D:3      | Noticed Natasha
   476 | D:3      | Noticed a crimson imp
   502 | D:3      | Slain by an adder

Vault maps used:
D:1:      minmay_arrival_split_and_join, minmay_misc_feat_square,
          nrook_mini_backslash
D:2:      kennysheep_six_static_rooms, uniq_terence, uniq_sigmund
D:3:      first_bread, uniq_natasha, uniq_grinder
D:4:      grunt_ministairs_5

Skill      XL: |  1 |
---------------+----+-----
Spellcasting   | 2 |  2.2
Dodging        | |  1.7
Stealth        | |  2.1
Conjurations   | |  0.7
Ice Magic      | |  3.5

Action                   || total
-------------------------++-------
Melee: Unarmed           ||    38
 Cast: Freeze            ||     7
 Stab: Sleeping          ||     1
Armor: Robe              ||    10
Dodge: Dodged            ||    26

Table legend:
 A = Spawn XP
 B = Non-spawn XP
 C = Spawn XP percentage of total XP
 D = Spawn monster count
 E = Non-spawn monster count
 F = Spawn count percentage of total count
 G = Total turns spent on level
                    A         B        C        D         E        F      G
               +---------+---------+-------+---------+---------+-------+---------
         Total |       0 |      13 |   0.0 |       0 |       8 |   0.0 |   502
               +---------+---------+-------+---------+---------+-------+---------
           D:2 |       0 |       6 |   0.0 |       0 |       3 |   0.0 |    96
           D:3 |       0 |       6 |   0.0 |       0 |       4 |   0.0 |   339
           D:4 |       0 |       1 |   0.0 |       0 |       1 |   0.0 |    37
               +---------+---------+-------+---------+---------+-------+---------
